 Dungeon Crawl Stone Soup version 0.20.0-14-g326068f (webtiles) character file.

2428 Naow the Basher (level 9, 0/57 HPs)
             Began as a Gargoyle Fighter on June 9, 2017.
             Was a Follower of Makhleb.
             Slain by a two-headed ogre
             ... wielding a +0 giant club
              (8 damage)
             ... on level 8 of the Dungeon.
             The game lasted 00:09:59 (7349 turns).

Naow the Basher (Gargoyle Fighter)                  Turns: 7349, Time: 00:10:00

Health: 0/57       AC: 13    Str: 22      XL:     9   Next: 48%
Magic:  9/9        EV:  8    Int:  9 (10) God:    Makhleb [*.....]
Gold:   412        SH: 10    Dex:  6 (9)  Spells: 8/8 levels left

rFire    . . .     SeeInvis +   y - +0 whip (freeze)
rCold    . . .     Gourm    .   c - +0 shield
rNeg     + . .     Faith    .   b - +0 scale mail
rPois    ∞         Spirit   .   r - +0 helmet
rElec    +         Reflect  .   (no cloak)
rCorr    .         Harm     .   (no gloves)
MR       .....                  (no boots)
Stlth    ..........             (no amulet)
Regen    0.2/turn               m - ring of see invisible
MPRegen  0.2/turn               t - ring of loudness (curse)

@: no status effects
A: negative energy resistance 1, electricity resistance, unbreathing,
petrification resistance, rot immunity, AC +5
a: Renounce Religion


You were on level 8 of the Dungeon.
You worshipped Makhleb.
Makhleb was aware of your devotion.
You were not hungry.

You visited 2 branches of the dungeon, and saw 9 of its levels.

You collected 412 gold pieces.

Inventory:

Hand Weapons
 a - a +0 flail
 y - a +0 whip of freezing (weapon)
Armour
 b - a +0 scale mail (worn)
 c - a +0 shield (worn)
 r - a +0 helmet (worn)
Jewellery
 m - a ring of see invisible (left hand)
 t - a cursed ring of loudness (right hand)
Wands
 h - a wand of random effects (12/48)
 A - a wand of confusion (20/48)
Scrolls
 g - 5 scrolls of identify {unknown}
 i - 2 scrolls of enchant armour {unknown}
 j - 4 scrolls of remove curse {unknown}
 n - 2 scrolls of amnesia {unknown}
 q - a scroll of fear {unknown}
 x - 4 scrolls of teleportation {unknown}
 z - a scroll of noise {unknown}
 B - a scroll of recharging {unknown}
 D - a scroll of holy word {unknown}
Potions
 d - 2 potions of might
 e - a potion of ambrosia {unknown}
 k - a potion of degeneration
 s - a potion of lignification {unknown}
 u - 3 potions of haste {unknown}
 v - 2 potions of flight {unknown}
 w - a potion of invisibility {unknown}
 C - a potion of heal wounds {unknown}
 E - a potion of mutation {unknown}
Comestibles
 f - 6 bread rations
 l - 6 royal jellies
 o - 2 meat rations
 p - 2 chunks of flesh


   Skills:
 + Level 7.4 Fighting
 * Level 9.2 Maces & Flails
 - Level 3.2 Armour
 + Level 7.6 Shields


You had 8 spell levels left.
You didn't know any spells.

Dungeon Overview and Level Annotations

Branches:
Dungeon (8/15)             Temple (1/1) D:6
   Lair: D:8-11

Altars:
Ashenzari
Dithmenos
Elyvilon
Fedhas
Gozag
Kikubaaqudgha
Makhleb
Nemelex Xobeh
Okawaru
Trog
Uskayaw
Yredelemnul
Zin
The Shining One

Shops:
D:5 [


Innate Abilities, Weirdness & Mutations

You are resistant to torment.
Your stone body is resilient. (AC +5)
You are immune to poison.
You resist negative energy. (rN+)
You are resistant to electric shocks. (rElec)
You can survive without breathing.
You are immune to petrification.
You are immune to rotting.


Message History

You block the two-headed ogre's attack. The two-headed ogre barely misses you.
You whack the two-headed ogre! You freeze the two-headed ogre.
The two-headed ogre is heavily wounded.
You barely miss the two-headed ogre.
The two-headed ogre is heavily wounded.
You block the two-headed ogre's attack. The two-headed ogre closely misses you.
You barely miss the two-headed ogre.
The two-headed ogre is heavily wounded.
Some of the chunks of flesh in your inventory have rotted away.
You closely miss the two-headed ogre.
The two-headed ogre is heavily wounded.
The two-headed ogre hits you with a giant club!
* * * LOW HITPOINT WARNING * * *
The two-headed ogre hits you but does no damage.
You barely miss the two-headed ogre.
The two-headed ogre is heavily wounded.
You hit the two-headed ogre. You freeze the two-headed ogre.
The two-headed ogre is severely wounded.
The two-headed ogre hits you with a giant club!
You die...

# #. #.#### #.....
###.... #######
#...... #.....#
#....###########.##...
+...O@...........##...
#....#....#########...
######....####........
##.........#######
.............#
....#........#
....#.......##
....#.......# ..
....######


You could see a two-headed ogre.

Vanquished Creatures
  A hippogriff (D:8)
  An orc warrior (D:8)
  A sky beast (D:4)
  3 ogres
  2 centaurs (D:7)
  A big kobold (D:8)
  3 bullfrogs (D:6)
  A scorpion (D:6)
  6 killer bees (D:7)
  5 wights
  A howler monkey (D:6)
  3 crimson imps
  2 centaur zombies
  A bullfrog zombie (D:6)
  4 hounds
  A jelly (D:7)
  An orc wizard (D:8)
  A centaur skeleton (D:7)
  3 bullfrog skeletons
  5 worker ants
  A hound zombie (D:8)
  A worker ant zombie (D:6)
  A gnoll (D:6)
  6 adders
  A shadow imp (D:4)
  An adder skeleton (D:4)
  2 worms
  4 dart slugs
  6 leopard geckos
  16 orcs
  2 ball pythons
  5 giant cockroaches
  11 goblins
  6 hobgoblins
  5 jackals
  7 kobolds
  A quokka (D:6)
  9 bats
  5 frilled lizards
  2 jackal skeletons (D:4)
  A jackal zombie (D:6)
  2 leopard gecko zombies
  5 rats
146 creatures vanquished.

Notes
Turn   | Place    | Note
-------+----------+-------------------------------------------
     0 | D:1      | Naow the Gargoyle Fighter began the quest for the Orb.
     0 | D:1      | Reached XP level 1. HP: 14/14 MP: 1/1
   150 | D:1      | Reached XP level 2. HP: 19/19 MP: 2/2
   274 | D:1      | Reached skill level 3 in Maces & Flails
   294 | D:1      | Reached XP level 3. HP: 13/23 MP: 3/3
  1096 | D:2      | Reached XP level 4. HP: 29/29 MP: 4/4
  1570 | D:3      | Reached skill level 4 in Maces & Flails
  1570 | D:3      | Reached XP level 5. HP: 24/33 MP: 5/5
  2670 | D:4      | Reached XP level 6. HP: 35/38 MP: 6/6
  2880 | D:4      | Noticed a sky beast
  2896 | D:4      | Killed a sky beast
  2896 | D:4      | Reached skill level 5 in Maces & Flails
  2963 | D:5      | Entered Level 5 of the Dungeon
  3007 | D:5      | Found Voiruir's Armour Shop.
  3502 | D:6      | Reached skill level 5 in Shields
  3582 | D:6      | Reached XP level 7. HP: 44/44 MP: 7/7
  3680 | D:6      | Reached skill level 5 in Fighting
  3806 | D:6      | Reached skill level 6 in Maces & Flails
  4191 | D:6      | Found a staircase to the Ecumenical Temple.
  4215 | D:6      | Reached XP level 8. HP: 32/50 MP: 8/8
  4217 | Temple   | Entered the Ecumenical Temple
  4553 | Temple   | Became a worshipper of Makhleb the Destroyer
  4762 | D:6      | Reached skill level 7 in Maces & Flails
  4764 | D:6      | Found a shadowy altar of Dithmenos.
  5639 | D:7      | Reached skill level 8 in Maces & Flails
  5852 | D:7      | Reached * piety under Makhleb
  5905 | D:7      | Reached XP level 9. HP: 27/56 MP: 9/9
  6992 | D:8      | Reached skill level 9 in Maces & Flails
  7332 | D:8      | Noticed a two-headed ogre
  7349 | D:8      | Slain by a two-headed ogre

Skill      XL: |  1  2  3  4  5  6  7  8  9 |
---------------+----------------------------+-----
Maces & Flails | 3 4 5 6 8 9 |  9.2
Fighting       | 4 5 6 7 |  7.4
Shields        | 4 5 7 |  7.6
Armour         | |  3.2

Action                   |  1- 3 |  4- 6 |  7- 9 || total
-------------------------+-------+-------+-------++-------
Melee: Flail             |   144 |   162 |       ||   306
       Whip              |       |    84 |   626 ||   710
  Use: Potion            |       |       |     4 ||     4
  Eat: Chunk             |     1 |     4 |     9 ||    14
       Meat ration       |       |     1 |     1 ||     2
Armor: Scale mail        |    83 |   131 |   194 ||   408
Dodge: Dodged            |    59 |    69 |   137 ||   265
Block: Shield            |    85 |   104 |   241 ||   430
